 Dungeon Crawl Stone Soup version 0.26-a0-466-g989023bd0d (webtiles) character file.

Game seed: 1590801988865515929

5022 sylph the Nimble (level 10, -6/51 HPs)
             Began as a Spriggan Berserker on Aug 13, 2020.
             Was a High Priest of Trog.
             Mangled by an orc warrior
             ... wielding a +0 short sword
              (12 damage)
             ... on level 9 of the Dungeon.
             The game lasted 00:28:22 (10461 turns).

sylph the Nimble (Spriggan Berserker)              Turns: 10461, Time: 00:28:22

Health: -6/51      AC:  7    Str: 16    XL:     10   Next: 30%
Magic:  0/11       EV: 25    Int:  9    God:    Trog [*****.]
Gold:   30         SH:  7    Dex: 16    Spells: 9/9 levels left

rFire    . . .     SeeInvis +   b - +3 short sword (flame)
rCold    . . .     Faith    .   s - +0 buckler
rNeg     + + .     Spirit   +   L - +2 robe {rN+}
rPois    .         Reflect  .   K - +0 mask of the Dragon {MR+ Slay+3 SInv}
rElec    .         Harm     .   p - +2 cloak {rCorr}
rCorr    +                      (gloves unavailable)
MR       ++...                  (boots unavailable)
Stlth    ++++......             u - amulet of guardian spirit
HPRegen  0.17/turn              G - ring of positive energy
MPRegen  0.12/turn              (no ring)

@: berserk cooldown, slowed, quick
A: very small, unfitting armour, see invisible, speed 3
a: Berserk, Trog's Hand, Brothers in Arms, Renounce Religion


You were on level 9 of the Dungeon.
You worshipped Trog.
Trog was extremely pleased with you.
You visited 1 branch of the dungeon, and saw 9 of its levels.
You also visited: Bailey.

You collected 1013 gold pieces.
You spent 983 gold pieces at shops.

Inventory:

Hand Weapons
 a - a +3 demon blade of flaming
 b - a +3 short sword of flaming (weapon)
 n - a +2 falchion of draining
 C - a +4 war axe
Missiles
 i - 57 poisoned darts (quivered)
 k - 3 silver boomerangs
 F - a throwing net
 H - 36 boomerangs
Armour
 p - a +2 cloak of preservation (worn)
 s - a +0 buckler (worn)
 K - the +0 mask of the Dragon (worn) {MR+ Slay+3 SInv}
   (You bought it in a shop on level 7 of the Dungeon)

   It affects your accuracy and damage with ranged weapons and melee attacks
   (+3).
   It affects your resistance to hostile enchantments.
   It lets you see invisible.
 L - a +2 robe of positive energy (worn)
Jewellery
 u - an amulet of guardian spirit (around neck)
 G - a ring of positive energy (left hand)
Wands
 o - a wand of polymorph (7)
 r - a wand of paralysis (6)
 v - a wand of iceblast (4)
 J - a wand of random effects (15)
Scrolls
 c - 4 scrolls of enchant armour
 e - 4 scrolls of fear
 f - 2 scrolls of immolation
 h - 2 scrolls of blinking
 q - 3 scrolls of remove curse
 w - a scroll of amnesia
 y - a scroll of identify
 z - 3 scrolls of teleportation
 I - a scroll of fog
Potions
 d - a potion of flight
 g - 12 potions of curing
 j - 2 potions of invisibility
 m - a potion of resistance
 t - 5 potions of heal wounds
 x - a potion of might
 A - a potion of stabbing
 B - a potion of ambrosia
 D - a potion of mutation


   Skills:
 + Level 4.8 Fighting
 + Level 9.6 Short Blades
 + Level 6.1 Throwing
 + Level 10.1 Dodging
 + Level 9.1 Stealth
 + Level 3.5 Shields


You had 9 spell levels left.
You didn't know any spells.
Your spell library was empty.

Dungeon Overview and Level Annotations

Branches:
Dungeon (9/15)             Temple (0/1) D:6          Bailey (visited)
   Lair: D:8-11         Orc: D:9-12

Altars:
Ashenzari
Cheibriados
Dithmenos
Gozag
Kikubaaqudgha
Nemelex Xobeh
Vehumet
Yredelemnul
The Shining One

Shops:
D:4 ?   D:7 [   D:8 (

Annotations:
D:6 exclusion: upstairs


Innate Abilities, Weirdness & Mutations

You are very small and have problems with some larger weapons.
You are too small for most types of armour.
You have supernaturally acute eyesight. (SInv)
You cover ground extremely quickly.


Message History

The orc warrior is moderately wounded.
The kobold misses you.
The orc warrior hits you with a +0 short sword!
You are too injured to fight recklessly!
Unknown command.
Things that are here:
a +0 club; 5 boomerangs; an orc corpse
Things that are here:
a +0 short sword; a kobold corpse You hit the kobold.
You burn the kobold.
You kill the kobold!
Trog accepts your kill.
You closely miss the orc warrior.
The orc warrior is moderately wounded.
The orc warrior hits you with a +0 short sword!
* * * LOW HITPOINT WARNING * * *
You puncture the orc warrior! You burn the orc warrior.
The orc warrior is severely wounded.
The orc warrior hits you with a +0 short sword!
You die...

#.+........
##.#........
###..#........
....#........
.###...........
...............
#..)...... #o##'#####
###@# # +.(.# #####
###(##+### #....
#......# ###....
#.###......# #[.....
............# #.#....
....##((....#####.#....
.## #....).'.....#....
#....).#######....


You could see an orc warrior.

Vanquished Creatures
  An orc knight (Bailey)
  Joseph (D:8)
  A komodo dragon (D:7)
  2 hippogriffs (D:7)
  Grum (D:8)
  Menkaure (D:5)
  8 orc warriors
  2 ogres
  A sky beast (D:7)
  A phantom (D:7)
  An ice beast (D:7)
  2 wolves (D:8)
  3 centaurs
  2 big kobolds
  5 bullfrogs
  2 scorpions
  A howler monkey (D:7)
  4 hounds
  5 orc priests
  10 orc wizards
  Crazy Yiuf (D:3)
  A bullfrog skeleton (D:8)
  3 iguanas
  6 worker ants
  A hound zombie (D:7)
  A hound skeleton (D:4)
  A worker ant zombie (D:6)
  10 adders
  5 gnolls
  A shadow imp (D:7)
  A white imp (D:6)
  5 ufetubi
  An ooze (D:2)
  5 worms
  A dart slug (D:1)
  7 leopard geckos
  34 orcs
  10 goblins
  5 hobgoblins
  11 jackals
  5 ball pythons
  11 bats
  2 frilled lizards
  27 kobolds
  9 rats
218 creatures vanquished.

Notes
Turn   | Place    | Note
-------+----------+-------------------------------------------
     0 | D:1      | sylph the Spriggan Berserker began the quest for the Orb.
     0 | D:1      | Reached XP level 1. HP: 11/11 MP: 2/2
   342 | D:1      | Reached XP level 2. HP: 16/16 MP: 3/3
   757 | D:2      | Found an ancient bone altar of Kikubaaqudgha.
   759 | D:2      | Found a basalt altar of Yredelemnul.
   774 | D:2      | Reached skill level 5 in Dodging
   935 | D:2      | Found a radiant altar of Vehumet.
   944 | D:2      | Reached XP level 3. HP: 19/19 MP: 4/4
  1325 | D:2      | Reached ** piety under Trog
  1429 | D:2      | Reached XP level 4. HP: 24/24 MP: 5/5
  1695 | D:2      | Found a glowing golden altar of the Shining One.
  1739 | D:2      | Found a shattered altar of Ashenzari.
  2031 | D:3      | Reached skill level 1 in Stealth
  2282 | D:3      | Reached XP level 5. HP: 25/28 MP: 6/6
  2455 | D:3      | Reached skill level 6 in Dodging
  2714 | D:3      | Found a runed translucent door.
  2715 | D:3      | Noticed Crazy Yiuf
  2726 | D:3      | Killed Crazy Yiuf
  3194 | D:3      | Reached skill level 5 in Short Blades
  3742 | D:4      | Reached *** piety under Trog
  3742 | D:4      | Reached XP level 6. HP: 32/32 MP: 7/7
  3745 | D:4      | Found a snail-covered altar of Cheibriados.
  3754 | D:4      | Reached skill level 5 in Stealth
  3785 | D:4      | Reached skill level 1 in Throwing
  4296 | D:4      | Found Jacexili's Magic Scroll Shop.
  4304 | D:4      | Bought a scroll of magic mapping for 49 gold pieces
  4358 | D:5      | Entered Level 5 of the Dungeon
  4728 | D:5      | Reached XP level 7. HP: 16/36 MP: 8/8
  4905 | D:5      | Noticed Menkaure
  4908 | D:5      | Killed Menkaure
  5106 | D:5      | Found a sparkling altar of Nemelex Xobeh.
  5391 | D:6      | Reached skill level 7 in Dodging
  6187 | D:6      | Reached skill level 1 in Shields
  6475 | D:6      | Found a staircase to the Ecumenical Temple.
  6593 | D:6      | Reached XP level 8. HP: 42/42 MP: 9/9
  6599 | D:6      | Reached **** piety under Trog
  7052 | D:7      | Reached skill level 8 in Dodging
  7456 | D:7      | Found a shadowy altar of Dithmenos.
  7725 | D:7      | Found Dokhlor's Armour Shop.
  7731 | D:7      | Bought a +1 pair of gloves for 138 gold pieces
  7894 | D:7      | Noticed a hippogriff
  7919 | D:7      | Killed a hippogriff
  7919 | D:7      | Reached XP level 9. HP: 45/45 MP: 10/10
  8002 | D:7      | Noticed a komodo dragon
  8005 | D:7      | Killed a komodo dragon
  8098 | D:7      | Reached skill level 9 in Dodging
  8391 | D:7      | Reached skill level 5 in Throwing
  8471 | D:8      | Noticed Joseph
  8518 | D:8      | Noticed Grum
  8541 | D:8      | Found Ceqoas's Antique Weapon Boutique.
  8547 | D:8      | Found a flagged portal.
  8565 | Bailey   | Entered a bailey
  8600 | Bailey   | Noticed an orc knight
  8641 | Bailey   | Killed an orc knight
  9037 | Bailey   | Found an iron altar of Okawaru.
  9266 | D:8      | Killed Grum
  9266 | D:8      | Reached XP level 10. HP: 51/51 MP: 11/11
  9664 | D:8      | Killed Joseph
  9927 | D:8      | Found an opulent altar of Gozag.
 10144 | D:7      | Bought the +0 mask of the Dragon {MR+ Slay+3 SInv} for 400
                  | gold pieces
 10144 | D:7      | Found the +0 mask of the Dragon {MR+ Slay+3 SInv}
 10308 | D:8      | Bought a runed demon blade for 396 gold pieces
 10363 | D:9      | Reached skill level 10 in Dodging
 10443 | D:9      | Reached ***** piety under Trog
 10461 | D:9      | Mangled by an orc warrior

Illustrated notes

Levels and vault maps discovered:
D:1:      dpeg_arrival_pond, layout_loops_ring
D:2:      minmay_alternating_diamond, layout_loops_ring, marbit_many_paths,
          nicolae_overflow_crystal_walls, grunt_temple_overflow_open
D:3:      minmay_diamond_boxcup, layout_basic, uniq_crazy_yiuf_cottage
D:4:      layout_gridville, cheibriados_altar_1, portal_sewer_entry_e,
          serial_shops, shop
D:5:      kb_forest_paths, layout_rooms, lemuel_round_altar, uniq_menkaure
D:6:      lemuel_ice_spiral_2, layout_basic, minmay_temple_entry_enclosed_plants
D:7:      minmay_bubble_buster, layout_rooms, lemuel_round_altar, serial_shops,
          nicolae_shop_stone, kennysheep_generic_room_8
D:8:      layout_basic, nicolae_overflow_hidden_temple, enter_bailey_3,
          serial_shops, kennysheep_mini, uniq_joseph, uniq_grum
D:9:      layout_roguey, grunt_temple_overflow_bloody_war, lemuel_doored_altar,
          minivault_15

Skill      XL: |  1  2  3  4  5  6  7  8  9 10 |
---------------+-------------------------------+-----
Dodging        | 5 6 7 8 9 10 | 10.1
Short Blades   | 4 5 6 8 9 |  9.6
Fighting       | 3 4 |  4.8
Stealth        | 1 4 5 6 7 8 9 |  9.1
Throwing       | 1 2 4 5 6 |  6.1
Shields        | 1 2 3 |  3.5

Action                   |  1- 3 |  4- 6 |  7- 9 | 10-12 || total
-------------------------+-------+-------+-------+-------++-------
Melee: Short sword       |   111 |   244 |   448 |    95 ||   898
Throw: Dart              |       |    28 |    96 |       ||   124
Invok: Berserk           |     6 |     6 |     9 |     2 ||    23
       Trog's Hand       |       |     1 |     2 |       ||     3
  Use: Scroll            |       |       |    23 |       ||    23
       Potion            |       |       |     2 |       ||     2
 Stab: Sleeping          |     1 |    10 |    13 |     4 ||    28
       Distracted        |       |       |     1 |       ||     1
Armor: Animal skin       |     9 |    18 |    26 |     1 ||    54
       Robe              |       |       |       |     3 ||     3
Dodge: Dodged            |   125 |   151 |   404 |    56 ||   736
Block: Buckler           |       |    16 |   142 |    19 ||   177

Table legend: (Time is in decaauts)
 A = Elapsed time spent in this place.
 B = Non-inter-level travel time spent in this place.
 C = Inter-level travel time spent in this place.
 D = Time resting spent in this place.
 E = Time spent auto-exploring this place.
 F = Levels seen in this place.
 G = Mean time per level.
                   A        B        C        D        E       F      G
               +--------+--------+--------+--------+--------+-----+--------+
         Total |   8136 |   7747 |    389 |   2302 |   3705 |  10 |  813.6 |
       Dungeon |   7549 |   7160 |    389 |   1939 |   3705 |   9 |  838.8 |
        Bailey |    587 |    587 |      0 |    362 |      0 |   1 |  587.0 |
               +--------+--------+--------+--------+--------+-----+--------+

Top non-repeatable levels by time:
     D:7: 1488 daAuts
     D:3: 1426 daAuts
     D:6: 894 daAuts
     D:5: 857 daAuts
     D:2: 834 daAuts
     D:8: 808 daAuts
  Bailey: 587 daAuts
     D:4: 586 daAuts
     D:1: 556 daAuts
     D:9: 95 daAuts
